Map: [ESL] Babylon

Players

ByuN

  • Race: Terran Terran

Classic - Winner!

  • Race: Protoss Protoss

Event: IEM Katowice 2023

VOD

Have the link to the VOD?

Description

Time

  • Played on: Feb. 11, 2023, 8:12 a.m.
  • Length: 13:36

All games in this series

Show
View Real Time Build Order
Export as new Build Order

ByuN Terran 

Build Orders: Reaper Expand 

Get SALT Encoding   

  12  0:00  SCV  
  13  0:12  SCV  
  14  0:17  Supply Depot  
  14  0:24  SCV  
  15  0:38  SCV  
  15  0:40  Barracks  
  16  0:43  Refinery  
  16  0:50  SCV  
  17  1:03  SCV  
  18  1:15  SCV  
  19  1:27  Orbital Command, Reaper  
  20  1:39  Command Center  
  20  1:47  Supply Depot  
  20  1:53  SCV  
  21  1:59  Marine  
  22  2:03  Factory  
  22  2:06  SCV  
  23  2:13  Bunker  
  23  2:19  SCV  
  23  2:21  Barracks Reactor  
  24  2:31  SCV  
  25  2:44  SCV  
  25  2:47  Factory Tech Lab  
  25  2:49  Command Center  
  26  2:54  Orbital Command  
  26  2:59  Marine  
  27  3:07  Cyclone  
  27  3:10  SCV  
  27  3:12  Marine  
  30  3:16  Marine  
  32  3:22  SCV  
  32  3:23  SCV  
  33  3:35  Engineering Bay, SCV  
  33  3:38  Marine x2  
  34  3:46  SCV  
  34  3:47  SCV  
  36  3:55  Supply Depot  
  36  3:58  SCV  
  36  3:59  Marine  
  36  4:00  Siege Tank  
  40  4:03  SCV  
  40  4:05  Orbital Command  
  40  4:08  Barracks  
  41  4:11  SCV  
  42  4:17  SCV  
  42  4:18  Marine  
  42  4:19  Marine  
  42  4:22  Refinery  
  45  4:29  SCV x2  
  47  4:32  SCV  
  47  4:36  Marine  
  47  4:37  Marine  
  50  4:41  SCV  
  50  4:43  Factory Tech Lab  
  50  4:44  Barracks, Supply Depot  
  51  4:47  SCV  
  51  4:49  SCV  
  53  4:53  SCV  
  53  4:55  Engineering Bay  
  53  4:56  Marine x2  
  53  4:57  Refinery  
  53  4:59  SCV  
  57  5:01  SCV, Supply Depot  
  57  5:05  Engineering Bay  
  57  5:06  Supply Depot  
  58  5:09  Marine, Stimpack  
  58  5:11  SCV x2  
  58  5:13  SCV  
  62  5:16  Marine  
  62  5:17  Marine  
  64  5:23  Factory Reactor, SCV x2  
  64  5:25  SCV  
  64  5:28  Supply Depot, Starport  
  67  5:30  Marine  
  67  5:34  Marine x2  
  70  5:37  Terran Infantry Weapons Level 1, Refinery  
  67  5:44  Terran Infantry Armor Level 1  
  67  5:45  SCV x2  
  67  5:46  SCV  
  70  5:53  Barracks  
  70  5:57  Supply Depot  
  70  5:58  SCV  
  70  5:59  SCV  
  70  6:00  SCV  
  70  6:01  Barracks  
  70  6:03  Combat Shield  
  76  6:14  Marine x2, Orbital Command, Marauder x2  
  76  6:16  SCV x2  
  81  6:22  Medivac x2  
  81  6:25  Supply Depot  
  85  6:27  Factory Tech Lab  
  85  6:28  SCV  
  85  6:29  SCV  
  87  6:35  Marine x2, Marauder  
  87  6:36  Marauder  
  87  6:39  Supply Depot  
  93  6:41  SCV x2  
  93  6:46  Barracks Reactor  
  96  6:47  Siege Tank, Barracks Tech Lab  
  96  6:53  SCV x2  
  100  6:55  Marine  
  100  6:57  Marauder x2  
  104  7:05  SCV x2  
  105  7:10  Marauder  
  102  7:20  Medivac  
  102  7:22  Medivac  
  106  7:23  Marauder x2  
  106  7:25  Marine x2  
  106  7:26  Marine x2  
  112  7:35  Command Center  
  112  7:43  Marauder  
  116  7:44  Marauder  
  116  7:45  Marauder  
  116  7:49  Marine x3, Siege Tank  
  124  7:55  Supply Depot  
  124  7:56  Supply Depot  
  124  8:05  Marauder  
  126  8:16  Marine x4  
  126  8:17  Marauder x2  
  134  8:26  Marauder  
  136  8:28  Siege Tank  
  136  8:31  Liberator  
  142  8:36  Marine, Liberator  
  142  8:38  Marauder x2  
  142  8:41  Supply Depot  
  150  8:46  Marine x3  
  153  8:48  Orbital Command  
  153  8:54  Marauder  
  155  8:59  Marauder x2  
  158  9:14  Siege Tank, Concussive Shells  
  158  9:15  Marauder  
  148  9:21  Marine x2, Marauder x2  
  153  9:29  Liberator  
  156  9:32  Liberator  
  156  9:37  Marauder  
  160  9:42  Marauder x2  
  117  9:58  Marine x2, Marauder  
  117  9:59  Marine x2  
  118  10:03  Marauder, SCV  
  118  10:04  SCV, Marauder  
  118  10:05  SCV  
  125  10:16  SCV x2  
  125  10:17  SCV  
  125  10:19  Marauder, Viking x2  
  134  10:22  Refinery  
  134  10:28  SCV x2  
  136  10:29  SCV  
  136  10:33  Marauder  
  136  10:34  Marauder  
  141  10:39  Marine x3  
  141  10:40  Marine  
  141  10:41  Marauder  
  145  10:44  SCV  
  145  10:45  SCV x2  
  145  10:47  Siege Tank  
  150  10:53  Supply Depot  
  150  10:54  Supply Depot  
  150  10:55  Marauder x2  
  154  11:03  Marauder  
  152  11:04  Marine x2  
  152  11:08  Marine x2  
  150  11:16  Marauder x2  
  150  11:17  Viking  
  156  11:24  Marauder  
  153  11:28  SCV  
  153  11:29  SCV x2  
  149  11:35  Orbital Command  
  149  11:38  Marauder x2  
  148  11:41  SCV  
  148  11:45  SCV  
  142  11:49  Marauder  
  142  11:52  Marine x3  
  142  11:53  SCV  
  137  11:56  Medivac  
  137  11:57  SCV  
  137  11:59  Marauder  
  131  12:03  SCV  
  131  12:05  Marine, SCV, Marauder  
  128  12:09  SCV  
  128  12:10  Marine x2  
  128  12:11  Marauder  
  128  12:15  SCV  
  128  12:17  SCV  
  128  12:21  SCV  
  125  12:26  Marauder  
  125  12:27  SCV  
  125  12:29  SCV  
  122  12:32  Marauder  
  122  12:33  Marine  
  122  12:36  Marine x2  
  115  12:37  Barracks Tech Lab  
  115  12:39  Marine  
  113  12:47  Marauder  
  113  12:51  Marine  
  100  12:53  Marine, Marauder  
  103  12:59  Medivac  
  103  13:00  Medivac  
  103  13:01  Marine, Marauder  
  103  13:05  Marine  
  111  13:08  Marine  
  111  13:09  Marauder  
  111  13:12  Marine  
  114  13:14  Marine  
  116  13:21  SCV x3  
Show
View Real Time Build Order
Export as new Build Order

Classic Protoss - Winner!

Build Orders: 1 Gate Expand, Colossus Rush 

Get SALT Encoding   

  12  0:00  Probe  
  13  0:12  Probe  
  14  0:17  Pylon  
  14  0:24  Probe  
  15  0:35  Gateway  
  15  0:37  Probe (Chrono Boost)  
  16  0:47  Assimilator, Probe (Chrono Boost)  
  17  0:52  Probe (Chrono Boost)  
  18  1:02  Gateway  
  18  1:03  Probe  
  20  1:22  Cybernetics Core  
  19  1:39  Nexus  
  19  1:45  Pylon  
  20  1:58  Adept (Chrono Boost)  
  23  2:02  Adept (Chrono Boost)  
  23  2:04  Assimilator  
  23  2:05  Probe  
  24  2:18  Probe  
  24  2:19  Adept (Chrono Boost)  
  24  2:20  Adept (Chrono Boost)  
  29  2:25  Warp Gate  
  29  2:30  Probe  
  30  2:43  Probe (Chrono Boost)  
  31  2:50  Stalker  
  34  2:51  Probe (Chrono Boost)  
  34  3:00  Probe (Chrono Boost)  
  34  3:02  Sentry, Probe (Chrono Boost)  
  34  3:05  Probe (Chrono Boost)  
  38  3:11  Pylon, Probe  
  40  3:17  Probe  
  41  3:23  Probe  
  41  3:26  Robotics Facility  
  42  3:29  Probe (Chrono Boost)  
  43  3:36  Pylon  
  43  3:41  Probe x2 (Chrono Boost)  
  45  3:48  Probe (Chrono Boost)  
  45  3:49  Probe (Chrono Boost)  
  45  3:51  Assimilator  
  45  3:56  Probe  
  45  4:00  Probe  
  45  4:02  Phoenix  
  47  4:08  Probe (Chrono Boost)  
  47  4:09  Shield Battery  
  46  4:13  Assimilator  
  46  4:14  Probe (Chrono Boost), Robotics Bay  
  46  4:15  Stalker x2  
  46  4:16  Observer  
  52  4:20  Probe (Chrono Boost)  
  54  4:28  Probe x2 (Chrono Boost)  
  55  4:34  Probe  
  55  4:36  Pylon, Probe  
  61  4:46  Probe  
  62  4:54  Probe  
  62  4:55  Nexus  
  62  4:58  Pylon, Colossus (Chrono Boost)  
  59  5:02  Observer  
  59  5:03  Extended Thermal Lance  
  67  5:07  Probe  
  67  5:14  Sentry  
  67  5:16  Sentry  
  67  5:20  Gateway  
  70  5:21  Gateway  
  70  5:34  Probe x2  
  70  5:35  Gateway x2  
  72  5:40  Pylon, Colossus (Chrono Boost)  
  78  5:50  Pylon  
  78  5:52  Observer  
  78  5:58  Gateway, Sentry, Probe x2  
  78  6:00  Stalker  
  84  6:10  Probe x2  
  86  6:12  Probe  
  87  6:22  Colossus, Probe x2  
  87  6:24  Probe  
  96  6:26  Pylon  
  96  6:31  Stalker x2  
  100  6:34  Probe x2, Stalker  
  104  6:42  Twilight Council  
  104  6:43  Forge  
  104  6:44  Probe  
  104  6:50  Pylon, Stalker  
  104  6:51  Stalker  
  108  7:04  Protoss Ground Weapons Level 1  
  108  7:12  Zealot x4  
  112  7:17  Stalker x3  
  112  7:19  Immortal (Chrono Boost)  
  112  7:22  Assimilator  
  120  7:23  Pylon  
  120  7:24  Pylon  
  120  7:34  Probe x3  
  120  7:36  Pylon  
  123  7:40  Charge (Chrono Boost)  
  123  7:43  Pylon  
  123  7:44  Forge  
  123  7:46  Pylon  
  123  7:47  Probe x3  
  123  7:48  Shield Battery  
  123  7:50  Observer (Chrono Boost)  
  126  7:57  Assimilator, Templar Archives  
  127  8:08  Photon Cannon  
  127  8:11  Warp Prism (Chrono Boost)  
  127  8:12  Nexus  
  127  8:15  Pylon  
  127  8:19  Protoss Ground Armor Level 1 (Chrono Boost)  
  128  8:31  Probe x3  
  128  8:33  Pylon  
  131  8:38  Zealot x6  
  143  8:45  Observer  
  143  8:46  Pylon  
  144  8:50  Gateway  
  144  8:51  Gateway  
  144  8:56  Pylon  
  144  9:01  Zealot x4  
  152  9:02  Blink (Chrono Boost)  
  152  9:05  High Templar x2  
  152  9:09  Pylon  
  156  9:10  Archon  
  146  9:25  Protoss Ground Weapons Level 2 (Chrono Boost)  
  146  9:26  Immortal  
  146  9:30  Zealot x2  
  146  9:31  Zealot x2  
  156  9:34  Pylon  
  156  9:43  Zealot x2  
  140  9:51  Zealot x3  
  140  9:52  Zealot x3  
  122  10:05  Immortal  
  124  10:08  Probe x2  
  124  10:09  Probe x2  
  124  10:11  High Templar x2  
  124  10:13  Gateway  
  124  10:14  High Templar x4  
  134  10:15  Zealot  
  134  10:16  Archon, Gateway  
  134  10:18  Archon x2  
  134  10:19  Protoss Ground Armor Level 2 (Chrono Boost)  
  134  10:20  Zealot  
  143  10:26  Probe x4  
  147  10:31  Robotics Facility  
  147  10:36  Nexus  
  143  10:50  Zealot x6  
  143  10:51  Zealot  
  143  10:54  Zealot  
  155  11:10  Disruptor (Chrono Boost)  
  147  11:16  Pylon  
  150  11:22  Zealot x5  
  150  11:23  Zealot x5  
  168  11:31  Disruptor (Chrono Boost)  
  156  11:44  Zealot x2, Disruptor (Chrono Boost)  
  156  11:45  Zealot x8  
  154  12:03  Disruptor  
  149  12:13  Zealot x8, Disruptor  
  149  12:14  Zealot x2  
  159  12:38  Nexus  
  159  12:40  High Templar x2  
  159  12:41  Stalker x3  
  165  12:45  Archon  
  165  12:47  Stalker x2  
  157  12:59  High Templar x2  
  157  13:01  Warp Prism (Chrono Boost)  
  163  13:06  Nexus  
  163  13:09  High Templar x2, Archon  
  166  13:20  Archon, High Templar x4  
  166  13:25  Archon x2  

Tags
 
Add a new tag
Caveats
  • Supply blocks, unpowered buildings, or Contaminate may cause inaccurate times.
  • Supply counts are checked every 10 seconds.